 Dungeon Crawl Stone Soup version 0.24-a0-282-g1a68c911f0 (webtiles) character file.

Game seed: 3596457962896287530

1600 Redear the Ducker (level 8, 0/57 HPs)
             Began as an Octopode Gladiator on May 3, 2019.
             Was a Follower of Zin.
             Killed by nerve-wracking pain
             ... invoked by an orc priest
              (4 damage)
             ... on level 7 of the Dungeon.
             The game lasted 00:10:27 (6075 turns).

Redear the Ducker (Octopode Gladiator)              Turns: 6075, Time: 00:10:27

Health: 0/57       AC:  1    Str: 14      XL:     8   Next: 94%
Magic:  17/17      EV: 18    Int: 11      God:    Zin [*.....]
Gold:   190        SH: 12    Dex: 13 (14) Spells: 7/7 levels left

rFire    . . .     SeeInvis .   a - +0 long sword
rCold    . . .     Gourm    .   w - +0 large shield
rNeg     + . .     Faith    .   b - +0 hat
rPois    .         Spirit   .   (no amulet)
rElec    .         Reflect  .   n - ring of magical power {MP+9}
rCorr    .         Harm     .   q - +6 ring of evasion
MR       .....                  r - ring of positive energy {rN+}
Stlth    ++++......             (no ring)
HPRegen  0.19/turn              (no ring)
MPRegen  0.15/turn              (no ring)
                                (no ring)
                                (no ring)

@: no status effects
A: almost no armour, stealthy swim, amphibious, 8 rings, constrict 8, camouflage
1, gelatinous body 1
a: Recite, Donate Gold, Renounce Religion


You were on level 7 of the Dungeon.
You worshipped Zin.
Zin was aware of your devotion.
You were hungry.

You visited 2 branches of the dungeon, and saw 8 of its levels.

You collected 211 gold pieces.
You donated 21 gold pieces to Zin.

Inventory:

Hand Weapons
 a - a +0 long sword (weapon)
Missiles
 h - 81 stones
 j - 8 javelins
 Z - 2 throwing nets (quivered) {+f}
Armour
 b - a +0 hat (worn)
 w - a +0 large shield (worn)
Jewellery
 n - a ring of magical power (left tentacle) {MP+9}
 q - a +6 ring of evasion (right tentacle)
 r - a ring of positive energy (on tentacle) {rN+}
 x - an uncursed amulet of the gourmand {unknown}
Wands
 E - a wand of enslavement (7)
Scrolls
 e - 2 scrolls of fog {unknown}
 f - 2 scrolls of remove curse {unknown}
 i - 2 scrolls of immolation {unknown}
 m - a scroll of blinking {unknown}
 v - 2 scrolls of magic mapping {unknown}
 T - 2 scrolls of teleportation
Potions
 d - a potion of brilliance {unknown}
 g - 2 potions of heal wounds
 k - 2 potions of magic {unknown}
 p - a potion of resistance {unknown}
 s - a potion of experience {unknown}
 t - a potion of invisibility {unknown}
 u - 2 potions of degeneration {unknown}
 Q - 2 potions of curing
Comestibles
 z - 10 rations


   Skills:
 + Level 5.8 Fighting
 + Level 6.2 Long Blades
 - Level 2.0 Throwing
 + Level 6.2 Dodging
 - Level 6.0 Stealth
 + Level 2.7 Shields


You had 7 spell levels left.
You didn't know any spells.
Your spell library was empty.

Dungeon Overview and Level Annotations

Branches:
Dungeon (7/15)             Temple (1/1) D:6

Altars:
Ashenzari
Dithmenos
Elyvilon
Fedhas
Gozag
Hepliaklqana
Kikubaaqudgha
Makhleb
Nemelex Xobeh
Okawaru
Qazlal
Ru
Sif Muna
Trog
Uskayaw
Vehumet
Wu Jian
Xom
Zin

Shops:
D:4 (   D:6 (


Innate Abilities, Weirdness & Mutations

You cannot wear most types of armour.
You are very stealthy in the water. (Stealth+)
You are amphibious.
You can wear up to eight rings at the same time.
You can use your tentacles to constrict eight enemies at once.
Your skin changes colour to match your surroundings (Stealth+).
Your rubbery body absorbs attacks. (AC +1, EV +1)


Message History

The orc warrior is moderately wounded.
You constrict the orc warrior, but do no damage.
You block the orc warrior's attack.
You slash the orc warrior!
The orc warrior is heavily wounded.
You constrict the orc warrior, but do no damage.
The orc warrior hits you with a +0 war axe!!
You take 24 damage, and have 21/57 hp.
MASSIVE DAMAGE!!
Unknown command.
You release your grip on the orc warrior.
Found a club.
The orc priest calls upon Beogh to heal the orc warrior.
The orc warrior is healed somewhat.
The orc warrior hits you with a +0 war axe!!
* * * LOW HITPOINT WARNING * * *
You hear a shout!
You take 17 damage, and have 4/57 hp.
MASSIVE DAMAGE!!
The orc priest invokes the aid of Beogh against you.
Pain shoots through your body!
You die...

#.....# #..#...#.##.#
#####.....# #..#.###'##.#
#....[....# #..#.##...#.#
#.####....###..#.##...#.#
#.................'...+.#
#..######.#####.###...#.#
# #.# #.# #...+ #.#
#.###...#
..####@#####.#.....#
.........o..#.#.#.###
..#.........#.#.#.#
#........o#.#.#.#
..)............#.##
#############.#....# ..
#.#.#..# #.#+#o#####.#
#...........#


You could see an orc warrior and an orc priest.

Vanquished Creatures
  Prince Ribbit (D:6)
  Sigmund (D:3)
  A sky beast (D:5)
  3 centaurs
  Blork the orc (D:4)
  2 bullfrogs
  A scorpion (D:4)
  A crimson imp (D:5)
  2 centaur zombies (D:6)
  A quasit (D:6)
  3 hounds
  3 orc priests
  Jessica (D:3)
  An iguana (D:5)
  2 orc wizards
  5 worker ants
  5 adders
  3 shadow imps
  An adder skeleton (D:5)
  3 worms (D:2)
  17 orcs
  8 bats
  4 giant cockroaches
  8 goblins
  5 hobgoblins
  8 jackals
  4 kobolds
  2 quokkas
  3 ball pythons
  4 frilled lizards
  6 rats
110 creatures vanquished.

Notes
Turn   | Place    | Note
-------+----------+-------------------------------------------
     0 | D:1      | Redear the Octopode Gladiator began the quest for the Orb.
     0 | D:1      | Reached XP level 1. HP: 14/14 MP: 1/1
   104 | D:1      | Reached XP level 2. HP: 19/19 MP: 2/2
   162 | D:1      | Reached skill level 1 in Stealth
   440 | D:1      | Reached XP level 3. HP: 23/25 MP: 3/3
   799 | D:2      | Reached skill level 2 in Stealth
   927 | D:2      | Reached XP level 4. HP: 16/30 MP: 4/4
  1509 | D:3      | Reached skill level 3 in Fighting
  1909 | D:3      | Noticed Jessica
  1913 | D:3      | Killed Jessica
  1913 | D:3      | Reached skill level 3 in Stealth
  1913 | D:3      | Reached XP level 5. HP: 36/36 MP: 5/5
  1963 | D:3      | Reached skill level 4 in Dodging
  2167 | D:3      | Reached skill level 4 in Long Blades
  2254 | D:3      | Noticed Sigmund
  2258 | D:3      | Killed Sigmund
  2258 | D:3      | Reached skill level 4 in Stealth
  2258 | D:3      | Reached XP level 6. HP: 43/43 MP: 6/6
  2535 | D:4      | Reached skill level 4 in Fighting
  2535 | D:4      | Reached XP level 7. HP: 22/48 MP: 7/7
  2836 | D:4      | Noticed Blork the orc
  2958 | D:4      | Killed Blork the orc
  3172 | D:4      | Reached skill level 5 in Stealth
  3478 | D:4      | Found Leckut's Antique Weapon Boutique.
  3794 | D:4      | Found a stormy altar of Qazlal.
  3801 | D:4      | Found a shattered altar of Ashenzari.
  3953 | D:5      | Entered Level 5 of the Dungeon
  4131 | D:5      | Found a hazy altar of Hepliaklqana.
  4295 | D:5      | Reached skill level 5 in Long Blades
  4295 | D:5      | Reached skill level 5 in Dodging
  4550 | D:5      | Reached skill level 6 in Stealth
  4550 | D:5      | Reached XP level 8. HP: 54/54 MP: 8/8
  4588 | D:5      | Found a shadowy altar of Dithmenos.
  4990 | D:5      | Reached skill level 5 in Fighting
  5147 | D:6      | Found Koupaink's Weapon Boutique.
  5202 | D:6      | Reached skill level 1 in Shields
  5238 | D:6      | Noticed Prince Ribbit
  5347 | D:6      | Killed Prince Ribbit
  5347 | D:6      | Reached skill level 6 in Dodging
  5347 | D:6      | Reached skill level 2 in Shields
  5411 | D:6      | Reached skill level 6 in Long Blades
  5679 | D:6      | Found a staircase to the Ecumenical Temple.
  5730 | Temple   | Entered the Ecumenical Temple
  5772 | Temple   | Became a worshipper of Zin the Law-Giver
  5772 | Temple   | Reached * piety under Zin
  6074 | D:7      | HP: 4/57 [orc warrior/+0 war axe (18)]
  6075 | D:7      | Killed from afar by an orc priest

Levels and vault maps discovered:
D:1:      elethiomel_arrival_quiet, layout_basic, minmay_misc_feat_secret_circle
D:2:      layout_rooms, grunt_ministairs_1
D:3:      layout_basic, uniq_sigmund, uniq_jessica
D:4:      layout_cave_pools, amethyst_overflow_temple_binary, serial_shops,
          kennysheep_mini, minmay_misc_feat_cross, uniq_blork_the_orc
D:5:      layout_gridville, old_standard_altar, nicolae_overflow_crystal_walls,
          first_ration
D:6:      layout_basic, minmay_temple_entry_mini_moons, serial_shops, shop,
          uniq_prince_ribbit1
D:7:      minmay_opposing_rooms, layout_basic
Temple:   compressed_dpeg_circular_temple

Skill      XL: |  1  2  3  4  5  6  7  8 |
---------------+-------------------------+-----
Stealth        | 1 2 3 4 6 |  6.0
Fighting       | 3 4 5 |  5.8
Dodging        | 4 5 6 |  6.2
Long Blades    | 4 5 6 |  6.2
Shields        | 2 |  2.7
Throwing       | |  2.0

Action                   |  1- 3 |  4- 6 |  7- 9 || total
-------------------------+-------+-------+-------++-------
Melee: Long sword        |    61 |    62 |   123 ||   246
       Constrict         |    19 |    22 |    29 ||    70
       Tentacles         |    10 |    14 |    30 ||    54
Throw: Throwing net      |       |       |     2 ||     2
  Use: Potion            |       |     1 |       ||     1
       Scroll            |       |       |     2 ||     2
 Stab: Sleeping          |    10 |     3 |     6 ||    19
       Distracted        |       |     1 |       ||     1
  Eat: Chunk             |       |     5 |     7 ||    12
       Ration            |       |       |     1 ||     1
Armor: Skin              |     4 |     5 |     1 ||    10
Dodge: Dodged            |    39 |    48 |    86 ||   173
Block: Large shield      |       |       |    46 ||    46
       Rpst.: Long sword |    10 |    19 |    25 ||    54

Table legend:
 A = Non-vault XP
 B = Vault XP
 C = Vault XP percentage of total XP
 D = Non-vault monster count
 E = Vault monster count
 F = Vault count percentage of total count
                 A         B        C        D         E       F
            +---------+---------+-------+---------+---------+-------
      Total |    1670 |     617 |  27.0 |     104 |       6 |   5.5
            +---------+---------+-------+---------+---------+-------
        D:1 |      36 |       0 |   0.0 |      22 |       0 |   0.0
        D:2 |      67 |       4 |   5.6 |      24 |       2 |   7.7
        D:3 |     118 |     249 |  67.8 |      15 |       2 |  11.8
        D:4 |     279 |      90 |  24.4 |      13 |       1 |   7.1
        D:5 |     573 |       0 |   0.0 |      12 |       0 |   0.0
        D:6 |     498 |     274 |  35.5 |      15 |       1 |   6.2
        D:7 |      99 |       0 |   0.0 |       3 |       0 |   0.0
            +---------+---------+-------+---------+---------+-------
